[Event "Titled Tuesday Blitz December 13 Early 2022"]
[White "Roebers, Jan"]
[Black "Molina Carretero, Daniel"]
[WhiteFideId "1007815"]
[BlackFideId "32071914"]
[WhiteElo "2163"]
[BlackElo "2109"]
[Result "1/2-1/2"]
[Round "05"]
[TimeControl "180+1"]
[Date "2022.12.14"]
[WhiteClock "0:00:03"]
[BlackClock "0:00:09"]

1. e4 c5 2. Nf3 d6 3. c3 Nf6 4. Bd3 g6 5. h3 Bg7 6. Bc2 O-O 7. O-O Nc6 8. d4 e5 9. dxe5 dxe5 10. Qxd8 Rxd8 11. Bg5 h6 12. Bh4 Be6 13. Nbd2 g5 14. Bg3 Nh5 15. Rad1 Nf4 16. Bxf4 exf4 17. Bb3 b5 18. Bxe6 fxe6 19. Nb3 c4 20. Nbd4 Nxd4 21. Nxd4 Bxd4 22. cxd4 Kf7 23. d5 exd5 24. exd5 Rd6 25. Rfe1 Rad8 26. a4 a6 27. axb5 axb5 28. b3 Rxd5 29. Rxd5 Rxd5 30. bxc4 bxc4 31. Kf1 Kf6 32. Rc1 Rd4 33. Ke2 Kf5 34. f3 h5 35. Rc2 g4 36. hxg4+ hxg4 37. Rc3 g3 38. Rc2 Ke5 39. Rc3 Kd5 40. Ra3 Kc5 41. Ra8 c3 42. Rc8+ Kb4 43. Rb8+ Ka3 44. Rc8 Kb2 45. Rb8+ Kc1 46. Rc8 Rd2+ 47. Ke1 c2 48. Kf1 Kb1 49. Rb8+ Ka2 50. Ra8+ Kb3 51. Rb8+ Ka4 52. Ra8+ Kb5 53. Rb8+ Ka6 54. Rc8 Rd1+ 55. Ke2 c1=Q 56. Ra8+ Kb5 57. Rb8+ Kc4 58. Rc8+ Kd5 59. Rd8+ Ke5 60. Re8+ Kd4 61. Rd8+ Kc3 62. Rc8+ Kb2 63. Rb8+ Ka2 64. Ra8+ Kb1 65. Rb8+ Qb2+ 66. Rxb2+ Kxb2 67. Kxd1 Kc3 68. Ke2 Kc2 69. Ke1 Kd3 70. Kd1 Ke3 71. Ke1 Kd3 72. Kd1 Ke3 73. Ke1 Kd3 1/2-1/2


[Site "https://www.chess.com"]

[Event "Titled Tuesday Blitz December 13 Early 2022"]
[White "Ronka, Erik"]
[Black "Papasimakopoulos, Alexandros"]
[WhiteFideId "505080"]
[BlackFideId "4244125"]
[WhiteElo "2264"]
[BlackElo "2384"]
[Result "0-1"]
[Round "05"]
[TimeControl "180+1"]
[Date "2022.12.14"]
[WhiteClock "0:00:04"]
[BlackClock "0:00:08"]

1. e4 e6 2. d4 d5 3. Nd2 Nf6 4. e5 Nfd7 5. Bd3 c5 6. c3 Nc6 7. Ne2 cxd4 8. cxd4 f6 9. exf6 Nxf6 10. O-O Bd6 11. Nf3 Qc7 12. Bg5 O-O 13. Rc1 h6 14. Bh4 Nh5 15. Bg3 Nxg3 16. Nxg3 Bd7 17. Bb1 Be8 18. Qd3 g5 19. Rfe1 Rf6 20. Ne5 Qg7 21. Nxc6 bxc6 22. Qe2 Rb8 23. b3 Rc8 24. Bd3 Bf7 25. Bb5 c5 26. b4 c4 27. a3 Rf8 28. Rf1 Rf4 29. Bd7 Qf6 30. Rc2 Rxd4 31. Nh5 Bxh5 32. Qxh5 Rh4 33. Qe2 Bxh2+ 34. Kh1 Kf7 35. Re1 e5 36. Bh3 h5 37. Kxh2 g4 38. Kg1 gxh3 39. g3 Re4 40. Qf1 Rxe1 41. Qxe1 Rd8 42. f4 exf4 43. Rf2 f3 44. Qf1 Qd4 45. Kh2 Kg6 46. Rxf3 Re8 47. Kxh3 Qg4+ 48. Kg2 Re6 49. Qf2 h4 50. Kh2 d4 51. Kg2 d3 52. Rf5 Qxg3+ 53. Qxg3+ hxg3 54. Rf2 gxf2 55. Kxf2 d2 56. b5 d1=Q 57. a4 Qd3 58. a5 Re2+ 59. Kf1 Qd1# 0-1


[Site "https://www.chess.com"]

[Event "Titled Tuesday Blitz December 13 Early 2022"]
[White "Royal, Shreyas"]
[Black "Kazakouski, Valery"]
[WhiteFideId "448869"]
[BlackFideId "13507443"]
[WhiteElo "2563"]
[BlackElo "2762"]
[Result "0-1"]
[Round "05"]
[TimeControl "180+1"]
[Date "2022.12.14"]
[WhiteClock "0:00:34"]
[BlackClock "0:00:10"]

1. e4 e5 2. Nf3 Nc6 3. Bc4 Nf6 4. d3 Be7 5. Nc3 d6 6. O-O Na5 7. Qe2 O-O 8. Rd1 c6 9. a4 Nxc4 10. dxc4 Qc7 11. b3 h6 12. Ba3 Be6 13. Nd2 Rad8 14. Nf1 Rfe8 15. Ne3 Bf8 16. Rd2 g6 17. Rad1 Rd7 18. Qf3 Nh5 19. Ncd5 Qd8 20. g4 cxd5 21. gxh5 dxe4 22. Qg2 f5 23. hxg6 Qf6 24. Bxd6 Rg7 25. Kh1 f4 26. Nd5 Qf5 27. Bxf8 Rxf8 28. Rg1 Kh8 29. Ne7 Qh5 30. Rd6 Bh3 31. Qxe4 Rxe7 32. Rd5 Bg4 33. Rd3 Bf5 34. g7+ Rxg7 35. Qxe5 Rg8 36. Rd8 Be4+ 37. Rg2 Bxg2+ 0-1


[Site "https://www.chess.com"]

[Event "Titled Tuesday Blitz December 13 Early 2022"]
[White "Sadubayev, Airat"]
[Black "Aggelis, Nikolaos"]
[WhiteFideId "13713264"]
[BlackFideId "4213220"]
[WhiteElo "2160"]
[BlackElo "2189"]
[Result "0-1"]
[Round "05"]
[TimeControl "180+1"]
[Date "2022.12.14"]
[WhiteClock "0:00:04"]
[BlackClock "0:00:19"]

1. d4 e6 2. c4 Nf6 3. Nf3 g6 4. Nc3 Bg7 5. e4 d5 6. e5 Ne4 7. Nxe4 dxe4 8. Ng5 c5 9. Nxe4 Qxd4 10. Nd6+ Ke7 11. Qxd4 cxd4 12. f4 Nc6 13. b3 Nb4 14. Kd1 f6 15. Ba3 a5 16. Nxc8+ Rhxc8 17. exf6+ Bxf6 18. Bd3 e5 19. Re1 Kd6 20. fxe5+ Bxe5 21. g3 Re8 22. Kd2 Bf6 23. Rxe8 Rxe8 24. Re1 Bg5+ 25. Kd1 Rxe1+ 26. Kxe1 Bc1 27. Bxb4+ axb4 28. Ke2 b6 29. Kf3 Ke5 30. Kg4 Kf6 31. h4 Bd2 32. Kf3 Ke5 33. Kg4 Kf6 34. h5 gxh5+ 35. Kxh5 h6 36. Kg4 Bc1 37. Bb1 Bd2 38. Kf3 Ke5 39. Bd3 Bc1 40. Kg2 Bd2 41. Kh3 Be1 42. Kg4 Bd2 43. Kh5 Kf6 44. Kh4 Bc1 45. Kg4 Bd2 46. Kf3 Ke5 47. Bh7 Bc1 48. Ke2 Be3 49. Bg8 Bc1 50. Kd3 Be3 51. Bd5 Bf2 52. g4 Kf4 53. Be6 Ke5 54. Bc8 Bg1 55. Ke2 Be3 56. Kf3 Bg5 57. Bf5 Bc1 58. Bd3 Bg5 59. Kg3 Bf4+ 60. Kg2 Bg5 61. Kf3 Bc1 62. Bg6 Bg5 63. Ke2 Kf4 64. Bh5 Ke4 65. Be8 d3+ 66. Kd1 Kd4 67. Bg6 Kc3 68. Bf5 d2 69. Be6 Kb2 70. c5 bxc5 71. Bc4 Kxa2 72. Be6 Kb2 73. Bc4 Kc3 74. Be6 Kd3 75. Bc4+ Ke3 76. Be6 Bf6 77. Bc4 Bc3 78. Be2 Kf4 79. Kc2 Kg3 80. Kd1 Kf2 81. Bc4 Ke3 82. Be2 Ke4 83. Kc2 Kf4 84. Kd1 Ke3 85. Bc4 Be5 86. Be2 Bb2 87. Bc4 Bf6 88. Be2 Bg5 89. Bc4 Kf3 90. Be2+ Kf2 91. Bc4 Kg3 92. Be2 c4 93. bxc4 b3 94. c5 b2 95. Bd3 Kxg4 96. c6 Bf4 97. c7 Bxc7 98. Kxd2 Be5 99. Ke2 Kg3 100. Kf1 Bd4 101. Ke2 h5 102. Kd1 h4 103. Kc2 h3 104. Be4 h2 105. Kb1 Kf2 106. Kc2 Kg1 0-1


[Site "https://www.chess.com"]

[Event "Titled Tuesday Blitz December 13 Early 2022"]
[White "Sai Han Thiha"]
[Black "Haddouche, Mohamed"]
[WhiteFideId "13012290"]
[BlackFideId "7900660"]
[WhiteElo "1954"]
[BlackElo "2443"]
[Result "0-1"]
[Round "05"]
[TimeControl "180+1"]
[Date "2022.12.14"]
[WhiteClock "0:00:02"]
[BlackClock "0:00:20"]

1. d4 Nf6 2. c4 g6 3. Nc3 Bg7 4. e4 d6 5. Nf3 O-O 6. Be2 Nbd7 7. Be3 e5 8. d5 Qe7 9. Nd2 c5 10. g4 Nb6 11. h4 Ne8 12. h5 Bf6 13. Nf1 Bg5 14. Qd2 Bxe3 15. Qxe3 Qf6 16. Qh3 Qg7 17. Ne3 Qh6 18. Qh4 f6 19. O-O-O g5 20. Qg3 Qg7 21. h6 Qc7 22. Rdg1 Bd7 23. Nf5 Qd8 24. Bd3 Na4 25. Nd1 b5 26. cxb5 c4 27. Bxc4 Rc8 28. b3 Nb6 29. Nfe3 Bxb5 30. Nb2 a5 31. Kb1 Nc7 32. Rc1 Qd7 33. a4 Ba6 34. Qf3 Kf7 35. Rc2 Bxc4 36. Nexc4 Nxc4 37. Nxc4 Na6 38. Rc3 Nb4 39. Qd3 Nxd3 40. Rxd3 Rxc4 41. bxc4 Rb8+ 42. Kc2 Qb7 43. Rc3 Qb2+ 44. Kd3 Qxf2 45. c5 dxc5 46. Rhc1 Rb2 0-1


[Site "https://www.chess.com"]

[Event "Titled Tuesday Blitz December 13 Early 2022"]
[White "Salman, Pavel"]
[Black "Donskov, Anatoly"]
[WhiteFideId "24153753"]
[BlackFideId "24143413"]
[WhiteElo "2187"]
[BlackElo "2219"]
[Result "0-1"]
[Round "05"]
[TimeControl "180+1"]
[Date "2022.12.14"]
[WhiteClock "0:00:07"]
[BlackClock "0:00:06"]

1. d4 d5 2. Nc3 Nf6 3. Bf4 Nbd7 4. Nb5 e5 5. dxe5 Nh5 6. e3 Nxf4 7. exf4 c6 8. Nd4 Qb6 9. Ngf3 Qxb2 10. Rb1 Bb4+ 11. Ke2 Qa3 12. e6 Nc5 13. exf7+ Kxf7 14. Ne5+ Kf6 15. f3 Re8 16. Kf2 g6 17. Bd3 Nxd3+ 18. Nxd3 Bc5 19. Nxc5 Qxc5 20. Qd3 b5 21. Rhd1 Bf5 22. Qd2 Bd7 23. g4 Re7 24. Kg3 Rae8 25. Nb3 Qd6 26. Qd4+ Kf7 27. Nc5 Bc8 28. g5 Kg8 29. Rb3 Rf8 30. Nd3 Ref7 31. Re1 Bf5 32. Re5 Bxd3 33. Rxd3 Rxf4 34. Qxf4 Rxf4 35. Kxf4 d4 36. Rd1 c5 37. Re1 c4 38. Kg4 Kf7 39. Rxb5 Qd7+ 40. Kg3 Qxb5 41. Re4 Qxg5+ 42. Rg4 Qd5 43. Rf4+ Kg7 44. h4 d3 45. cxd3 cxd3 46. Ra4 d2 47. Rxa7+ Kf6 48. Ra6+ Kf5 49. Ra7 d1=Q 50. h5 Qe5+ 51. Kh3 Qh1# 0-1


[Site "https://www.chess.com"]

[Event "Titled Tuesday Blitz December 13 Early 2022"]
[White "Samarth, J Rao"]
[Black "Dushyant Sharma"]
[WhiteFideId "46652370"]
[BlackFideId "25065130"]
[WhiteElo "1564"]
[BlackElo "2280"]
[Result "1-0"]
[Round "05"]
[TimeControl "180+1"]
[Date "2022.12.14"]
[WhiteClock "0:00:06"]
[BlackClock "0:00:06"]

1. c4 e6 2. d4 d5 3. Nc3 c6 4. Nf3 f5 5. g3 Nf6 6. Bg2 Bd6 7. O-O O-O 8. Bf4 Qc7 9. e3 Nbd7 10. c5 Bxf4 11. gxf4 b6 12. b4 a5 13. a3 b5 14. Ne5 Nxe5 15. dxe5 Ne4 16. Bxe4 fxe4 17. Ne2 Bd7 18. Nd4 Kh8 19. Kh1 g5 20. Qg4 gxf4 21. Rg1 Qxe5 22. Qh4 fxe3 23. fxe3 Qf6 24. Qh5 e5 25. Raf1 Qxf1 26. Rxf1 Rxf1+ 27. Kg2 Raf8 28. Qxe5+ R1f6 29. bxa5 Kg8 30. Kg3 Rg6+ 31. Kh4 h6 32. h3 Rf7 33. a6 Rg5 34. Qb8+ Kg7 35. a7 Kg6 36. Qg8+ Rg7 37. Qxg7+ Kxg7 38. a8=Q Re5 39. Qd8 Be8 40. Qc7+ Kf6 41. Qd8+ Re7 42. Qd6+ Kf7 43. Qf4+ Kg8 44. Nf5 Rh7 45. Qg3+ Kf8 46. Qe5 Bg6 47. Qf6+ Bf7 48. Qd8+ Be8 49. Nd6 Re7 50. Nxe8 Rxe8 51. Qf6+ Kg8 52. Qg6+ Kf8 53. Qxh6+ Ke7 54. Qxc6 Rh8+ 55. Kg5 Rh6 56. Qxh6 1-0


[Site "https://www.chess.com"]

[Event "Titled Tuesday Blitz December 13 Early 2022"]
[White "Sanchez, Robert"]
[Black "Ovchinnikov, Vsevolod"]
[WhiteFideId "2034360"]
[BlackFideId "24176842"]
[WhiteElo "2352"]
[BlackElo "2376"]
[Result "0-1"]
[Round "05"]
[TimeControl "180+1"]
[Date "2022.12.14"]
[WhiteClock "0:00:02"]
[BlackClock "0:00:07"]

1. Nf3 Nf6 2. e3 g6 3. c4 Bg7 4. Nc3 d5 5. d4 O-O 6. Be2 c5 7. cxd5 Nxd5 8. O-O cxd4 9. Nxd4 Nxc3 10. bxc3 a6 11. Rb1 Qc7 12. Bf3 Nd7 13. Qb3 Rb8 14. Ba3 Ne5 15. Be2 Bg4 16. f3 Bf5 17. Nxf5 gxf5 18. f4 Ng6 19. Bd3 Qxc3 20. Qxc3 Bxc3 21. Bxf5 Rfe8 22. Be4 b5 23. Kf2 Rec8 24. g3 b4 25. Bb2 a5 26. h4 e6 27. Rfc1 Bxb2 28. Rxc8+ Rxc8 29. Rxb2 Rc3 30. Rb3 Rc4 31. Bd3 Rc5 32. Kf3 Ne7 33. a3 bxa3 34. Rxa3 Nd5 35. Be4 Nb4 36. Ra4 h6 37. g4 Kg7 38. g5 f5 39. Ba8 hxg5 40. hxg5 e5 41. fxe5 Rxe5 42. e4 fxe4+ 43. Bxe4 Rxg5 44. Kf4 Rc5 45. Ke3 Kf6 46. Kd4 Rg5 47. Kc4 Ke6 48. Bb7 Kd6 49. Be4 Rc5+ 50. Kb3 Kc7 51. Bf5 Rxf5 0-1


[Site "https://www.chess.com"]

[Event "Titled Tuesday Blitz December 13 Early 2022"]
[White "Santos Flores, Alberto"]
[Black "Gonzalez, Francisco Silva"]
[WhiteFideId "3601234"]
[BlackFideId "1512285"]
[WhiteElo "2235"]
[BlackElo "2220"]
[Result "1-0"]
[Round "05"]
[TimeControl "180+1"]
[Date "2022.12.14"]
[WhiteClock "0:00:46"]
[BlackClock "0:00:39"]

1. d4 Nf6 2. Nf3 d5 3. c4 e6 4. Nc3 a6 5. c5 b6 6. cxb6 cxb6 7. Bf4 Bd6 8. Bxd6 Qxd6 9. e3 Bb7 10. Bd3 Nbd7 11. O-O O-O 12. Qe2 Ne4 13. Rfc1 b5 14. a4 b4 15. Nb1 Rac8 16. Nbd2 Nxd2 17. Nxd2 f5 18. Nb3 Qb6 19. a5 Qd6 20. f3 h6 21. f4 Kh7 22. Qe1 Rxc1 23. Rxc1 Rc8 24. Rxc8 Bxc8 25. Qc1 Bb7 26. Kf2 g5 27. g3 g4 28. Ke2 Kg7 29. Kd2 h5 30. Nc5 Nxc5 31. Qxc5 Qxc5 32. dxc5 Kf6 33. Kc2 e5 34. Kb3 d4 35. exd4 e4 36. Bc4 e3 37. Kxb4 Bd5 38. Bxa6 h4 39. Kc3 Be4 40. Bc4 hxg3 41. hxg3 Ke7 42. d5 Kd7 43. b4 Kc7 44. b5 Kb7 45. d6 Bf3 46. Kd3 1-0


[Site "https://www.chess.com"]

[Event "Titled Tuesday Blitz December 13 Early 2022"]
[White "Sarana, Alexey"]
[Black "Ozen, Bahadir"]
[WhiteFideId "24133795"]
[BlackFideId "6337058"]
[WhiteElo "2708"]
[BlackElo "2503"]
[Result "1-0"]
[Round "05"]
[TimeControl "180+1"]
[Date "2022.12.13"]
[WhiteClock "0:00:09"]
[BlackClock "0:00:06"]

1. d4 d6 2. c4 Nf6 3. Nc3 Nbd7 4. e4 e5 5. Nf3 c6 6. Be2 Be7 7. O-O O-O 8. Be3 a6 9. d5 cxd5 10. cxd5 b5 11. a3 Ng4 12. Bd2 Nb6 13. h3 Nf6 14. Be3 Bd7 15. Nd2 Qb8 16. Rc1 Rc8 17. b4 Bd8 18. Qb3 Be8 19. Rc2 Ra7 20. Rfc1 Rac7 21. g4 Nfd7 22. Qa2 Nf8 23. Nb3 Nc4 24. Bxc4 Rxc4 25. Nd2 R4c7 26. Ne2 Ng6 27. Rxc7 Rxc7 28. Rxc7 Qxc7 29. Qb3 Qe7 30. Kg2 Bd7 31. Qd3 Qf6 32. Ng3 Nf4+ 33. Bxf4 exf4 34. Nf5 g6 35. Nd4 h5 36. Nc6 hxg4 37. hxg4 Bxg4 38. Nf3 Bxf3+ 39. Qxf3 Qg5+ 40. Kf1 Bb6 41. Qh3 Kg7 42. Ke2 Qg1 43. Qc3+ Kg8 44. Qf3 Qc1 45. Nb8 Qc2+ 46. Kf1 Bd4 47. Qxf4 Qd3+ 48. Kg2 Be5 49. Qf3 Qc2 50. Nc6 Bb2 51. Ne7+ Kg7 52. Qf4 Be5 53. Qf3 Qc3 54. Qg4 Qb2 55. Nf5+ Kf6 56. Nh4 Qxa3 57. Nf3 Qd3 58. Qg5+ Kg7 59. Nxe5 Qxe4+ 60. Nf3 Qxb4 61. Kg3 Qc5 62. Qd2 b4 63. Qd3 a5 64. Qe4 a4 65. Nd4 b3 66. Ne6+ fxe6 67. Qxe6 Qc3+ 68. Kg2 Qf6 69. Qd7+ Qf7 70. Qxd6 b2 71. Qe5+ Qf6 72. Qc7+ Kh6 73. Qh2+ Kg5 74. Qg3+ Kf5 75. Qd3+ Ke5 76. Qc3+ Kf5 77. Qf3+ Kg5 78. Qg3+ Kh6 79. Qh2+ Kg7 80. Qc7+ Kg8 81. Qb8+ Kh7 82. Qb7+ Qg7 83. Qb4 a3 84. d6 a2 85. Qh4+ Qh6 86. Qe7+ Qg7 87. Qh4+ Kg8 88. Qc4+ Qf7 89. Qc8+ Kg7 90. d7 b1=Q 91. Qc3+ Kh7 92. d8=Q Qe4+ 93. Kg1 Qg4+ 94. Kf1 Qd1+ 95. Qxd1 Qb7 96. Qda1 Qh1+ 97. Ke2 Qe4+ 98. Kd2 Qf4+ 99. Kd3 Qf3+ 100. Kc4 Qc6+ 101. Kb3 Qb5+ 102. Kxa2 Qa4+ 103. Kb2 Qb5+ 104. Kc1 Qe2 105. Qg7# 1-0


[Site "https://www.chess.com"]

[Event "Titled Tuesday Blitz December 13 Early 2022"]
[White "Sargissyan, Sargis"]
[Black "Goltseva, Ekaterina"]
[WhiteFideId "13303210"]
[BlackFideId "24173770"]
[WhiteElo "2109"]
[BlackElo "2200"]
[Result "0-1"]
[Round "05"]
[TimeControl "180+1"]
[Date "2022.12.14"]
[WhiteClock "0:00:36"]
[BlackClock "0:00:09"]

1. e4 e5 2. Nf3 Nc6 3. Bb5 a6 4. Ba4 Nf6 5. d3 d6 6. c4 g6 7. Nc3 Bg7 8. h3 Bd7 9. Be3 O-O 10. Qd2 Nh5 11. Bxc6 Bxc6 12. d4 exd4 13. Bxd4 Re8 14. Bxg7 Bxe4 15. O-O-O Bxf3 16. gxf3 Kxg7 17. Ne4 f5 18. Qd4+ Re5 19. Nc3 Qg5+ 20. Kb1 Qf4 21. Qd3 Nf6 22. Rd2 Rae8 23. Rhd1 Qh4 24. a3 Re1 25. Nd5 Rxd1+ 26. Rxd1 Nxd5 27. Qxd5 Qxf2 28. Qxb7 Re7 29. Qd5 Re2 30. Qd4+ Qxd4 31. Rxd4 Re3 32. c5 dxc5 33. Rc4 Rxf3 34. Rxc5 Rxh3 35. Rxc7+ Kf6 36. a4 f4 37. Rc8 f3 38. Rf8+ Ke5 39. Kc2 Ke4 40. Kd2 Rh2+ 41. Ke1 Rxb2 42. Kf1 Ra2 43. Rf7 g5 44. Rf8 g4 45. Re8+ Kf4 46. Rf8+ Kg3 47. Ke1 Rxa4 48. Kd1 f2 49. Ke2 Ra2+ 50. Ke3 Kg2 51. Rf4 f1=Q 52. Rxf1 Kxf1 0-1


[Site "https://www.chess.com"]

[Event "Titled Tuesday Blitz December 13 Early 2022"]
[White "Schut, Han"]
[Black "Yeremyan, Alen"]
[WhiteFideId "1005561"]
[BlackFideId "13308998"]
[WhiteElo "2024"]
[BlackElo "2159"]
[Result "0-1"]
[Round "05"]
[TimeControl "180+1"]
[Date "2022.12.14"]
[WhiteClock "0:00:01"]
[BlackClock "0:01:41"]

1. e4 c5 2. Nf3 Nc6 3. d4 cxd4 4. Nxd4 Nf6 5. Nc3 e5 6. Ndb5 d6 7. Nd5 Nxd5 8. exd5 Nb8 9. Qf3 a6 10. Qa3 Be7 11. Bg5 f6 12. Bd2 O-O 13. Bb4 axb5 14. Qxa8 Na6 15. Bd2 Qb6 16. Be3 Qa5+ 17. c3 f5 18. Qa7 Bd8 19. f3 f4 20. Bf2 b4 21. Bxa6 bxc3 22. O-O cxb2 23. Rab1 bxa6 24. Rxb2 Qxd5 25. Rb8 Qc4 26. Qa8 Ba5 27. Rd1 Bb4 28. Qd5+ Qxd5 29. Rxd5 Be6 30. Rxf8+ Kxf8 31. Rd1 Bxa2 32. Be1 Bxe1 33. Rxe1 Bc4 34. Ra1 d5 35. Kf2 d4 36. Ke1 Ke7 37. Kd2 Kd6 38. Ra5 Bb5 39. g3 g5 40. gxf4 gxf4 41. Ra1 Kc5 42. Rg1 Bc6 43. Ke2 a5 44. Rc1+ Kd6 45. Ra1 a4 46. h4 h5 47. Rg1 Kc5 48. Rc1+ Kd5 49. Rg1 Kc4 50. Rc1+ Kb5 51. Rb1+ Ka5 52. Rc1 Bb5+ 53. Kd2 a3 54. Rc5 a2 55. Rc1 Kb4 56. Kc2 Bc6 57. Kb2 Bxf3 58. Kxa2 d3 59. Rb1+ Kc3 60. Re1 d2 61. Rxe5 d1=Q 0-1


[Site "https://www.chess.com"]

[Event "Titled Tuesday Blitz December 13 Early 2022"]
[White "Seo, Jung Min"]
[Black "Moiseenko, Alexander"]
[WhiteFideId "1734687"]
[BlackFideId "14102560"]
[WhiteElo "2457"]
[BlackElo "2577"]
[Result "1-0"]
[Round "05"]
[TimeControl "180+1"]
[Date "2022.12.13"]
[WhiteClock "0:00:06"]
[BlackClock "0:00:02"]

1. e4 c5 2. Nf3 e6 3. d4 cxd4 4. Nxd4 Nf6 5. Nc3 Nc6 6. Nxc6 bxc6 7. e5 Nd5 8. Ne4 c5 9. Be2 Bb7 10. O-O Qc7 11. Nd6+ Bxd6 12. exd6 Qc6 13. f3 c4 14. Qd4 O-O 15. Bxc4 Rfc8 16. b3 Qxd6 17. Bb2 Qb6 18. Qxb6 Nxb6 19. Bd3 d5 20. Rfc1 a5 21. a4 Ba6 22. Bxa6 Rxa6 23. Kf2 f6 24. f4 Kf7 25. Ke3 Nd7 26. Kd2 Rac6 27. g3 Nc5 28. Bd4 Ne4+ 29. Kd3 Kg6 30. c4 Kf5 31. Be3 Rd8 32. cxd5 Rxd5+ 33. Ke2 Nc3+ 34. Kf3 h5 35. h3 e5 36. g4+ hxg4+ 37. hxg4+ Ke6 38. fxe5 fxe5 39. Bf2 e4+ 40. Kg2 Rd2 41. Kf1 Ke5 42. g5 Kf4 43. Be1 Rd3 44. Rc2 Kxg5 45. Rac1 Rf6+ 46. Kg1 Nd5 47. Bxa5 Ne3 48. Re2 Kh5 49. Bd2 Rg6+ 50. Kh1 Ng4 51. Rc5+ Kh4 52. Be1+ Rg3 53. Rxe4 Kh3 54. Bxg3 Kxg3 55. Rc3+ Kf2 56. Rf4+ Ke2 57. Rg3 Nf2+ 58. Rxf2+ Kxf2 59. Rxg6 1-0


[Site "https://www.chess.com"]

[Event "Titled Tuesday Blitz December 13 Early 2022"]
[White "Shevtchenko, Olesya"]
[Black "Lenderman, Aleksandr"]
[WhiteFideId "24131890"]
[BlackFideId "2021285"]
[WhiteElo "2003"]
[BlackElo "2607"]
[Result "0-1"]
[Round "05"]
[TimeControl "180+1"]
[Date "2022.12.13"]
[WhiteClock "0:00:04"]
[BlackClock "0:00:13"]

1. e4 e6 2. d4 d5 3. e5 c5 4. c3 Nc6 5. Nf3 Qb6 6. Bd3 cxd4 7. O-O Bd7 8. Re1 Nge7 9. h4 Rc8 10. Nbd2 dxc3 11. bxc3 Qc7 12. Ba3 Ng6 13. Bxf8 Kxf8 14. Bxg6 hxg6 15. c4 Ne7 16. Rc1 Bc6 17. cxd5 Nxd5 18. Nc4 Rd8 19. Qb3 Kg8 20. Nd6 Qe7 21. Qc4 Rf8 22. Qd4 a6 23. Qg4 Rh6 24. Ng5 Qc7 25. Red1 Qe7 26. f4 Ne3 27. Qg3 Nxd1 28. Rxd1 Bd5 29. Rc1 f6 30. Nh3 fxe5 31. fxe5 Qxh4 32. Qxh4 Rxh4 33. Nc8 Rg4 34. Ne7+ Kh7 35. Nxd5 exd5 36. e6 Re8 37. Re1 d4 38. Kf2 d3 39. g3 d2 40. Rd1 Rxe6 41. Kf3 Ree4 42. Rxd2 Ra4 43. Nf4 Rg5 44. Rh2+ Kg8 45. Rd2 Ra3+ 46. Ke4 Rgxg3 47. Rd8+ Kh7 48. Nd5 Ra4+ 49. Ke5 Rg5+ 50. Ke6 Rxd5 51. Rxd5 Rxa2 52. Rd3 Rf2 53. Rh3+ Kg8 54. Rd3 Rf6+ 55. Ke7 g5 56. Rg3 Rg6 57. Rg4 a5 58. Kd7 b6 59. Ke7 b5 60. Rd4 g4 61. Rd8+ Kh7 62. Kf7 g3 63. Rd3 Rf6+ 64. Ke7 g2 65. Rh3+ Rh6 66. Rg3 Rg6 67. Rh3+ Kg8 68. Rf3 g1=Q 69. Rf8+ Kh7 70. Ra8 Qe3+ 71. Kd8 Rd6+ 72. Kc7 Qe7+ 73. Kc8 Rd8# 0-1


[Site "https://www.chess.com"]

[Event "Titled Tuesday Blitz December 13 Early 2022"]
[White "Shipov, Sergei"]
[Black "Lehtosaari, Mauri"]
[WhiteFideId "4113624"]
[BlackFideId "501999"]
[WhiteElo "2773"]
[BlackElo "2510"]
[Result "1-0"]
[Round "05"]
[TimeControl "180+1"]
[Date "2022.12.14"]
[WhiteClock "0:01:34"]
[BlackClock "0:00:14"]

1. d4 d5 2. c4 c6 3. Nc3 Nf6 4. Nf3 dxc4 5. a4 Bf5 6. Nh4 e6 7. Nxf5 exf5 8. e3 Bb4 9. Bxc4 O-O 10. h3 Re8 11. O-O a5 12. Qf3 g6 13. g4 fxg4 14. hxg4 Qe7 15. g5 Nh5 16. e4 Bxc3 17. bxc3 Qxe4 18. Qxf7+ Kh8 19. f3 Qe7 20. Qxe7 Rxe7 21. Ba3 Re8 22. Rab1 Ng3 23. Rf2 Nd7 24. Rxb7 Nf8 25. Bd6 1-0


[Site "https://www.chess.com"]

[Event "Titled Tuesday Blitz December 13 Early 2022"]
[White "Silvestre, Christian"]
[Black "Derraugh, Geordie"]
[WhiteFideId "30956269"]
[BlackFideId "2603950"]
[WhiteElo "2337"]
[BlackElo "2082"]
[Result "1-0"]
[Round "05"]
[TimeControl "180+1"]
[Date "2022.12.14"]
[WhiteClock "0:00:43"]
[BlackClock "0:00:03"]

1. d4 Nf6 2. c3 e6 3. e3 c5 4. Bd3 Be7 5. f4 b6 6. Nf3 Bb7 7. O-O Ne4 8. Nbd2 f5 9. Bxe4 fxe4 10. Ng5 O-O 11. Ngxe4 Qe8 12. Qg4 Nc6 13. Ng3 Qf7 14. Nf3 Rae8 15. Bd2 Bf6 16. Ne5 Qe7 17. Nh5 Kh8 18. Rf2 d6 19. Nxc6 Bxc6 20. Raf1 Be4 21. Ng3 Bd3 22. Re1 Qf7 23. b3 b5 24. Bc1 d5 25. Ba3 cxd4 26. Bxf8 dxe3 27. Rxe3 Bg6 28. Bc5 b4 29. Bd4 bxc3 30. Bxf6 Qxf6 31. Qd1 d4 32. Ref3 d3 33. Rxd3 Bxd3 34. Qxd3 Rc8 35. Rc2 Qxf4 36. Rxc3 Rf8 37. h3 h6 38. Qe3 Qf6 39. Kh2 Qg6 40. Rc6 Qf6 41. Rxe6 Qa1 42. Re8 Kg8 43. Qe6+ 1-0


[Site "https://www.chess.com"]

[Event "Titled Tuesday Blitz December 13 Early 2022"]
[White "Sonnenschein, Philipp"]
[Black "Walentukiewicz, Michal"]
[WhiteFideId "16250877"]
[BlackFideId "1126903"]
[WhiteElo "2224"]
[BlackElo "2028"]
[Result "0-1"]
[Round "05"]
[TimeControl "180+1"]
[Date "2022.12.14"]
[WhiteClock "0:00:09"]
[BlackClock "0:00:53"]

1. e4 c5 2. Nf3 g6 3. c3 Bg7 4. d4 cxd4 5. cxd4 d6 6. Nc3 Nf6 7. h3 O-O 8. Be2 Nc6 9. O-O a6 10. d5 Nb8 11. Be3 b5 12. a3 Bb7 13. Qd2 Nbd7 14. Bh6 Rc8 15. Bxg7 Kxg7 16. Rac1 Nc5 17. Qe3 Qb6 18. Rfd1 b4 19. axb4 Qxb4 20. Qd4 Qxd4 21. Nxd4 Nfxe4 22. Nxe4 Nxe4 23. Nc6 Rc7 24. Bf3 Nf6 25. Nb4 Rfc8 26. Ra1 Ra8 27. Ra5 Nd7 28. Rda1 Nc5 29. R1a3 Kf6 30. Nc6 Bxc6 31. dxc6 Rb8 32. Ra2 Nd3 33. Rxa6 Rxb2 34. Rxb2 Nxb2 35. Rb6 Nc4 36. Rb7 Rc8 37. c7 Ne5 38. Be2 Ke6 39. Bb5 Nd7 40. f4 Nc5 41. Ra7 d5 42. Ba6 Nxa6 43. Rxa6+ Kd7 44. Ra5 e6 45. Kf2 Rxc7 46. Ke3 f6 47. Kd4 Kd6 48. Ra6+ Rc6 49. Ra7 e5+ 50. fxe5+ fxe5+ 51. Ke3 Rc3+ 52. Kd2 Rg3 53. Rxh7 Rxg2+ 54. Ke1 e4 55. h4 Ke5 56. h5 gxh5 57. Rxh5+ Kd4 58. Kf1 Ra2 59. Rh8 Kd3 60. Rb8 e3 61. Rb1 d4 62. Ke1 Rh2 63. Rb3+ Ke4 64. Rb8 d3 65. Re8+ Kd4 66. Rd8+ Kc4 67. Rc8+ Kb5 68. Rb8+ Kc6 69. Kf1 e2+ 70. Kg1 e1=Q+ 71. Kxh2 Qe5+ 0-1


[Site "https://www.chess.com"]

[Event "Titled Tuesday Blitz December 13 Early 2022"]
[White "Sprenar, Petr"]
[Black "Shapiro, Daniel"]
[WhiteFideId "397164"]
[BlackFideId "2001780"]
[WhiteElo "2182"]
[BlackElo "2361"]
[Result "1/2-1/2"]
[Round "05"]
[TimeControl "180+1"]
[Date "2022.12.14"]
[WhiteClock "0:01:11"]
[BlackClock "0:00:09"]

1. d4 Nf6 2. Nc3 d5 3. Bf4 c6 4. e3 e6 5. Nf3 Bb4 6. Bd3 Qa5 7. O-O O-O 8. Ne5 Bxc3 9. bxc3 Qxc3 10. Rb1 Nbd7 11. g4 Nxe5 12. Bxe5 Nd7 13. Bd6 Qa5 14. Bxf8 Nxf8 15. Rb2 b5 16. e4 Qc3 17. Rb3 Qxd4 18. exd5 Qxd5 19. Qe2 e5 20. Be4 Qc5 21. Qf3 Ne6 22. Rc3 Qe7 23. Bxc6 Nd4 24. Qe4 Rb8 25. Bd5 g6 26. Re1 Qg5 27. Qxe5 Qxe5 28. Rxe5 Bxg4 29. Re7 Ne2+ 30. Rxe2 Bxe2 31. Rc7 Bc4 32. Bc6 Bxa2 33. Rxa7 Be6 34. Kf1 b4 35. Ke2 Rc8 36. Ba4 Rc5 37. Ra8+ Kg7 38. Ke3 Rc3+ 39. Kd4 Ra3 40. Kc5 b3 41. cxb3 Bxb3 42. Bc6 Rxa8 43. Bxa8 Be6 44. Kd4 Kf6 45. Ke3 h5 46. Kf3 g5 47. Kg3 Bf5 48. Kg2 Kg6 49. Kg1 f6 50. Bb7 Be6 51. Ba8 Bf5 52. Bb7 Be6 53. Ba8 Bf5 1/2-1/2


[Site "https://www.chess.com"]